 Dungeon Crawl Stone Soup version 0.29.1-15-g9cfb28693d (webtiles) character file.

Game seed: 3887848035863227605

359 iSeeek the Cleaver (level 6, -7/53 HPs)
             Began as a Minotaur Berserker on Mar 11, 2023.
             Was a Believer of Trog.
             Blown up by Pikel (20 damage)
             ... with a mindburst bolt
             ... on level 4 of the Dungeon on Mar 13, 2023.
             The game lasted 00:11:30 (3780 turns).

iSeeek the Cleaver (Minotaur Berserker)             Turns: 3780, Time: 00:11:30

Health: -7/53      AC:  9    Str: 24    XL:     6   Next: 37%
Magic:  5/5        EV:  8    Int:  4    God:    Trog [**....]
Gold:   212        SH:  0    Dex:  9    Spells: 5/5 levels left

rFire   . . .      SeeInvis .   x - +0 hand axe (vorpal)
rCold   . . .      Faith    .   (no shield)
rNeg    . . .      Spirit   .   w - +0 chain mail
rPois   .          Reflect  .   (helmet restricted)
rElec   .          Harm     .   (no cloak)
rCorr   .          Rampage  .   (no gloves)
Will    .....                   (no boots)
Stlth   ..........              (no amulet)
HPRegen 0.17/turn               (no ring)
MPRegen 0.09/turn               (no ring)

@: on berserk cooldown, slowed, very slow
A: horns 2, retaliatory headbutt
a: Renounce Religion, Berserk, Trog's Hand


You were on level 4 of the Dungeon.
You worshipped Trog.
Trog was pleased with you.
You visited 1 branch of the dungeon, and saw 4 of its levels.

You collected 212 gold pieces.

Inventory:

Hand Weapons
 a - a +0 hand axe
 x - a +0 vorpal hand axe (weapon)
Missiles
 z - a throwing net (quivered)
Armour
 b - a +0 animal skin
 n - a +0 scale mail
 w - a +0 chain mail (worn)
Jewellery
 l - a +4 ring of protection
 v - an amulet of the acrobat
Wands
 y - a wand of paralysis (9)
Scrolls
 i - 6 scrolls of identify {unknown}
 j - a scroll of poison {unknown}
 m - a scroll of amnesia {unknown}
 o - 5 scrolls of teleportation {unknown}
 p - 3 scrolls of fear {unknown}
 t - a scroll of enchant weapon {unknown}
Potions
 c - 3 potions of flight {unknown}
 d - 2 potions of haste {unknown}
 e - 2 potions of mutation {unknown}
 f - a potion of might {unknown}
 g - 6 potions of curing {unknown}
 h - 3 potions of heal wounds {unknown}
 k - a potion of ambrosia {unknown}
 q - a potion of lignification {unknown}
 r - 2 potions of degeneration {unknown}
 s - a potion of attraction {unknown}
 u - 2 potions of berserk rage {unknown}


   Skills:
 - Level 4.4 Fighting
 + Level 8.1 Axes
 - Level 2.8 Armour
 - Level 2.5 Dodging


You had 5 spell levels left.
You didn't know any spells.
Your spell library was empty.

Dungeon Overview and Level Annotations

Branches:
Dungeon (4/15)
 Temple: D:4-7

Altars:

Shops:
D:1 =

Annotations:
D:4 Pikel


Innate Abilities, Weirdness & Mutations

You have a pair of horns on your head.
You reflexively headbutt those who attack you in melee.


Message History

Trog accepts your kill.
You feel sick. The adder bites you but does no damage.
Pikel, Merchant of Souls comes into view.
He is wielding a +2 whip of freezing and carrying a wand of mindburst (14).
The adder closely misses you. You furiously retaliate!
You headbutt the adder!
You kill the adder!
Trog accepts your kill.
Your skin crawls.
You feel strong-willed.
You feel sick.
There are monsters nearby!
A lemure comes into view.
You feel sick.
The lemure shouts!
The lemure hits you but does no damage.
Things that are here:
a +0 whip; a kobold corpse You feel sick.
You are no longer poisoned.
Pikel zaps a wand.
You resist with almost no effort.
You feel the effects of Trog's Hand fading.
Your skin stops crawling.
You feel less strong-willed. Pikel attacks as you move away!
Pikel closely misses you. The lemure attacks as you move away!
The lemure barely misses you. You furiously retaliate!
You headbutt the lemure, but do no damage.
Pikel completely misses you. You furiously retaliate!
You headbutt Pikel. The lemure hits you but does no damage.
Pikel hits you with a +2 whip of freezing.
Pikel freezes you. The lemure hits you. Pikel attacks as you move away!
Pikel hits you with a +2 whip of freezing.
Pikel freezes you. The lemure attacks as you move away!
The lemure barely misses you. You furiously retaliate!
You headbutt the lemure. Pikel attacks as you move away!
Pikel hits you with a +2 whip of freezing!
* * * LOW HITPOINT WARNING * * *
Pikel freezes you.
* * * LOW HITPOINT WARNING * * *
Pikel zaps a wand.
Your mind is blasted!
You die...

#..........###..###..## #.##
#........รท.......####).####.#
.....................#..###.##
.........................##>.##
.........................###...
.........................# #...
........................###...
..............................
...........@................
............5..............
..........K5..............
..................##.....
.................###...#
.................###...#
.................##....#
.................#.###.#
...............#.## #.#


You could see Pikel and 2 lemures.

Vanquished Creatures
  The ghost of Wilku the Magician, an amateur DjFE of Ashenzari (D:3)
  2 lemures (D:4)
  Crazy Yiuf (D:2)
  An iguana (D:4)
  Robin (D:2)
  8 adders
  2 worms (D:3)
  2 dart slugs
  6 orcs (D:3)
  6 endoplasms
  4 giant cockroaches
  13 goblins
  7 hobgoblins
  6 jackals
  6 kobolds
  4 quokkas
  3 ball pythons
  4 bats
  6 frilled lizards
  4 rats
87 creatures vanquished.

Notes
Turn   | Place    | Note
-------+----------+-------------------------------------------
     0 | D:1      | iSeeek the Minotaur Berserker began the quest for the Orb.
     0 | D:1      | Reached XP level 1. HP: 19/19 MP: 0/0
   500 | D:1      | Reached skill level 4 in Axes
   500 | D:1      | Reached XP level 2. HP: 24/27 MP: 1/1
   672 | D:1      | Found Pompewat's Jewellery Shoppe.
  1171 | D:2      | Reached XP level 3. HP: 19/33 MP: 2/2
  1528 | D:2      | Noticed Robin
  1535 | D:2      | Reached ** piety under Trog
  1539 | D:2      | Killed Robin
  1740 | D:2      | Found a runed translucent door.
  1741 | D:2      | Noticed Crazy Yiuf
  1838 | D:2      | Found a faded altar of an unknown god.
  1979 | D:2      | Reached skill level 5 in Axes
  1979 | D:2      | Reached XP level 4. HP: 36/41 MP: 3/3
  2251 | D:2      | Killed Crazy Yiuf
  2538 | D:3      | Reached skill level 6 in Axes
  2550 | D:3      | Reached XP level 5. HP: 47/47 MP: 4/4
  2661 | D:3      | Found a runed translucent door.
  2662 | D:3      | Noticed Wilku's ghost (amateur DjFE)
  2760 | D:3      | Killed Wilku's ghost
  2761 | D:3      | Reached skill level 7 in Axes
  2761 | D:3      | Reached XP level 6. HP: 53/53 MP: 5/5
  3736 | D:4      | Reached skill level 8 in Axes
  3766 | D:4      | Noticed Pikel
  3780 | D:4      | Blown up by Pikel

Illustrated notes

Levels and vault maps discovered:
D:1:      dpeg_arrival_rooms_a, layout_loops_cross, serial_shops,
          nicolae_shop_advertising_works [nicolae_subvault_shop_adworks]
D:2:      layout_loops_ring, hellmonk_ecumenical_altar_heavens_door,
          uniq_crazy_yiuf_cottage, uniq_robin
D:3:      layout_loops_ring, ebering_ghost_sewer_d,
          minmay_fractal_squares_gapless_5
D:4:      layout_layer_cave, serial_shops, shop_statue, nicolae_shop_gadgets,
          uniq_pikel

Skill      XL: |  1  2  3  4  5  6 |
---------------+-------------------+-----
Axes           | 4 5 6 7 8 |  8.1
Fighting       | 4 |  4.4
Armour         | |  2.8
Dodging        | |  2.5

Action                   |  1- 3 |  4- 6 || total
-------------------------+-------+-------++-------
Melee: Hand axe          |    58 |   110 ||   168
       Headbutt          |     8 |    17 ||    25
Invok: Berserk           |     1 |     3 ||     4
       Trog's Hand       |       |     2 ||     2
Armor: Animal skin       |     8 |       ||     8
       Scale mail        |     8 |    33 ||    41
       Chain mail        |       |    20 ||    20
Dodge: Dodged            |    55 |    52 ||   107
